Map: Prion Terraces

Players

MorN - Winner!

  • Race: Zerg Zerg
  • League: Master

Mariuslol

  • Race: Protoss Protoss
  • League: Master

VOD

Have the link to the VOD?

Description

Time

  • Played on: Nov. 24, 2015, 1:17 a.m.
  • Length: 12:45
Show
View Real Time Build Order
Export as new Build Order

MorN Zerg - Winner!

Build Orders: 3 Hatch before Pool 

Get SALT Encoding   

  12  0:01  Drone  
  13  0:14  Overlord  
  13  0:19  Drone  
  14  0:32  Drone x2  
  16  0:37  Drone  
  17  0:52  Hatchery  
  17  0:56  Drone  
  17  1:04  Drone  
  18  1:21  Hatchery  
  17  1:33  Spawning Pool  
  17  1:37  Drone  
  17  1:40  Drone  
  17  1:44  Drone  
  19  1:52  Drone  
  20  2:09  Drone x2  
  22  2:20  Queen x2  
  26  2:31  Drone  
  26  2:32  Drone  
  26  2:33  Queen  
  30  2:39  Extractor  
  30  2:43  Drone x4  
  30  2:44  Drone  
  34  2:46  Overlord  
  34  2:55  Overlord  
  34  3:05  Drone  
  35  3:06  Zergling x10  
  40  3:13  Queen  
  42  3:22  Roach Warren  
  42  3:24  Drone x2  
  42  3:25  Drone x2  
  45  3:38  Overlord  
  45  3:39  Overlord  
  44  3:52  Queen  
  44  3:53  Overlord  
  46  4:06  Drone x9  
  55  4:16  Hatchery  
  54  4:24  Drone x3  
  54  4:25  Drone x6  
  54  4:27  Overlord  
  60  4:34  Spore Crawler  
  60  4:37  Spore Crawler  
  60  4:38  Spore Crawler  
  51  4:48  Drone  
  51  4:49  Drone x7  
  59  5:03  Drone  
  59  5:04  Drone x3  
  63  5:08  Lair  
  63  5:11  Extractor  
  63  5:12  Extractor  
  63  5:13  Roach x2  
  63  5:14  Roach x3, Extractor  
  70  5:28  Queen  
  70  5:30  Queen x2  
  70  5:31  Overlord  
  76  5:36  Drone x3  
  76  5:40  Roach x2  
  85  5:50  Roach x4  
  91  5:57  Roach x2  
  95  6:06  Overlord x4  
  95  6:11  Queen  
  96  6:25  Roach  
  96  6:26  Roach x9  
  96  6:30  Drone  
  96  6:31  Drone x2  
  96  6:32  Evolution Chamber  
  114  6:33  Evolution Chamber  
  111  6:59  Zerg Missile Weapons Level 1, Zerg Ground Armor Level 1  
  107  7:10  Roach x4  
  107  7:13  Queen  
  116  7:15  Drone  
  116  7:16  Drone x12  
  116  7:20  Overlord x4  
  127  7:50  Overlord x3  
  125  7:53  Drone  
  125  7:54  Drone x13, Overlord x3  
  137  8:10  Drone x5  
  137  8:11  Drone x2  
  142  8:24  Hydralisk Den  
  141  8:38  Hatchery, Drone x4  
  144  8:47  Hatchery  
  143  8:54  Hatchery, Zerg Ground Armor Level 2, Zerg Missile Weapons Level 2, Muscular Augments  
  143  8:55  Glial Reconstitution  
  142  9:12  Extractor  
  142  9:14  Extractor  
  140  9:19  Hydralisk  
  140  9:20  Hydralisk x8  
  158  9:50  Roach x10  
  158  9:51  Roach x3  
  168  10:03  Ravager x2  
  168  10:06  Extractor x2  
  168  10:09  Queen  
  168  10:12  Extractor  
  168  10:14  Overseer, Infestation Pit  
  169  10:16  Overseer  
  168  10:27  Extractor  
  167  10:35  Queen  
  169  10:48  Hydralisk x5  
  169  10:49  Hydralisk x5  
  189  10:53  Ravager  
  188  11:09  Roach x13  
  172  11:25  Roach x3  
  174  11:26  Roach x10  
  188  11:56  Hydralisk x6  
Show
View Real Time Build Order
Export as new Build Order

Mariuslol Protoss 

Build Orders: Nexus First, Oracle Opening 

Get SALT Encoding   

  12  0:00  Probe (Chrono Boost)  
  13  0:11  Probe (Chrono Boost)  
  14  0:17  Pylon  
  14  0:22  Probe (Chrono Boost)  
  15  0:36  Probe (Chrono Boost)  
  16  0:46  Probe (Chrono Boost)  
  17  0:59  Nexus  
  17  1:09  Gateway  
  17  1:13  Probe (Chrono Boost)  
  18  1:19  Assimilator  
  18  1:23  Probe (Chrono Boost)  
  19  1:27  Assimilator  
  19  1:34  Pylon  
  19  1:35  Probe (Chrono Boost)  
  20  1:45  Probe (Chrono Boost)  
  21  1:56  Probe (Chrono Boost)  
  21  1:58  Cybernetics Core  
  22  2:06  Probe (Chrono Boost)  
  23  2:13  Probe (Chrono Boost)  
  24  2:17  Probe (Chrono Boost)  
  24  2:21  Gateway  
  25  2:24  Probe (Chrono Boost)  
  25  2:28  Probe (Chrono Boost)  
  27  2:34  Probe (Chrono Boost)  
  27  2:35  Stargate  
  28  2:43  Probe (Chrono Boost)  
  29  2:45  Probe (Chrono Boost)  
  29  2:50  Adept (Chrono Boost)  
  32  2:52  Warp Gate  
  32  2:55  Probe  
  32  2:56  Probe  
  34  3:07  Probe  
  34  3:09  Probe, Pylon  
  34  3:10  Adept (Chrono Boost)  
  38  3:18  Probe  
  39  3:21  Probe, Oracle (Chrono Boost)  
  43  3:27  Mothership Core  
  43  3:31  Pylon  
  43  3:33  Probe  
  46  3:38  Gateway  
  46  3:40  Adept  
  48  3:45  Probe  
  48  3:47  Probe, Adept  
  50  4:11  Gateway  
  50  4:12  Gateway  
  50  4:16  Gateway  
  50  4:21  Gateway  
  50  4:24  Gateway x2  
  50  4:35  Robotics Facility  
  50  4:43  Probe  
  50  4:45  Pylon  
  48  5:01  Pylon  
  48  5:12  Adept x5  
  58  5:22  Pylon, Warp Prism (Chrono Boost)  
  58  5:24  Pylon  
  58  5:25  Adept x3  
  66  5:32  Pylon  
  66  5:34  Probe x2, Assimilator  
  66  5:35  Assimilator  
  68  5:37  Pylon  
  68  5:40  Forge  
  68  5:42  Adept x4  
  76  5:47  Pylon  
  66  6:20  Adept x8  
  66  6:25  Probe x2  
  82  6:28  Protoss Ground Weapons Level 1 (Chrono Boost)  
  82  6:29  Robotics Bay  
  80  6:37  Probe x2  
  80  6:43  Adept x4  
  88  6:49  Probe  
  88  6:52  Adept x2  
  91  6:59  Twilight Council, Probe  
  76  7:25  Stalker x6  
  76  7:26  Stalker  
  88  7:47  Immortal (Chrono Boost)  
  92  8:02  Stalker x5  
  96  8:16  Blink (Chrono Boost)  
  98  8:32  Nexus  
  98  8:33  Pylon  
  94  8:35  Disruptor (Chrono Boost)  
  94  8:36  Adept  
  99  8:42  Pylon  
  99  8:44  Pylon  
  99  8:45  Probe  
  99  8:52  Stalker x4  
  107  8:59  Pylon  
  107  9:06  Stalker x3  
  113  9:21  Nexus  
  113  9:22  Probe  
  113  9:23  Probe  
  115  9:33  Pylon  
  115  9:34  Probe  
  115  9:35  Pylon  
  113  9:58  Disruptor (Chrono Boost)  
  113  9:59  Probe x2  
  118  10:04  Stalker x4  
  126  10:11  Probe  
  126  10:12  Probe  
  128  10:25  Stalker x2  
  132  10:32  Assimilator  
  132  10:42  Pylon  
  132  10:47  Stalker x4  
  132  10:49  Assimilator  
  104  11:13  Stalker  
  104  11:14  Stalker x5  
  104  11:15  Stalker  
  96  11:23  Disruptor (Chrono Boost)  
  73  11:39  Stalker x5, Nexus  
  79  11:56  Disruptor (Chrono Boost)  
  79  11:59  Stalker x3  
  87  12:14  Stalker x2  
  87  12:15  Stalker x2  
  88  12:25  Probe  
Tags
 
Add a new tag
Caveats
  • Supply blocks, unpowered buildings, or Contaminate may cause inaccurate times.
  • Supply counts are checked every 10 seconds.